 Dungeon Crawl Stone Soup version 0.22-a0-479-gc6e99f3 (webtiles) character file.

12 Laiders72 the Ruffian (level 2, 0/23 HPs)
             Began as a Draconian Transmuter on June 14, 2018.
             Slain by a kobold (4 damage)
             ... on level 1 of the Dungeon.
             The game lasted 00:00:51 (304 turns).

Laiders72 the Ruffian (Draconian Transmuter)         Turns: 304, Time: 00:00:52

Health: 0/23       AC:  4    Str: 12    XL:     2   Next: 20%
Magic:  4/5        EV: 17    Int: 13    God:
Gold:   9          SH:  0    Dex: 11    Spells: 4/5 levels left

rFire    . . .     SeeInvis .     - Unarmed
rCold    . . .     Gourm    .   (no shield)
rNeg     . . .     Faith    .   (armour unavailable)
rPois    .         Spirit   .   (helmet restricted)
rElec    .         Reflect  .   (no cloak)
rCorr    .         Harm     .   (no gloves)
MR       .....                  (boots currently unavailable)
Stlth    +.........             (no amulet)
HPRegen  0.07/turn              d - +5 ring of evasion
MPRegen  0.09/turn              (no ring)

@: appendage, very slightly contaminated, invisible
A: unfitting armour, talons 3, cold-blooded, AC +4
a: End Transformation


You were on level 1 of the Dungeon.
You were not hungry.
You had grown temporary talons.
You visited 1 branch of the dungeon, and saw 1 of its levels.

You collected 9 gold pieces.

Inventory:

Missiles
 a - 32 arrows
Jewellery
 d - a +5 ring of evasion (left hand)
Scrolls
 b - a scroll of magic mapping {unknown}
 f - 2 scrolls of identify {unknown}
 h - a scroll of remove curse {unknown}
Potions
 g - a potion of brilliance {unknown}
Comestibles
 c - 2 rations


   Skills:
 + Level 1.4 Fighting
 + Level 2.0 Dodging
 + Level 3.1 Unarmed Combat
 + Level 2.1 Spellcasting
 + Level 2.2 Transmutations


You had 4 spell levels left.
You knew the following spells:

 Your Spells              Type           Power        Failure   Level  Hunger
a - Beastly Appendage     Tmut           #.....       11%         1    ##.....

Your spell library contained the following spells:

 Spells                   Type           Power        Failure   Level  Hunger
 Spider Form              Tmut/Pois      #.........   43%         3    ####...
 Blade Hands              Tmut           #.........   96%         5    ######.
 Ice Form                 Ice/Tmut       #.......     85%         4    #####..
 Sticks to Snakes         Tmut           #.......     16%         2    ###....


Dungeon Overview and Level Annotations

Branches:
Dungeon (1/15)

Altars:


Innate Abilities, Weirdness & Mutations

Your plain brown scales are hard. (AC +4)
You cannot fit into any form of body armour.
You are cold-blooded and may be slowed by cold attacks.
You have claws for feet.


Message History

It was a potion of invisibility.
You fade into invisibility!
The kobold barely misses you.
You are very lightly contaminated with residual magic.
The kobold barely misses you.
A goblin and a kobold come into view.
The kobold shouts!
The goblin shouts!
A hobgoblin comes into view.
The kobold moves out of view.
You hear a shout!
A kobold comes into view. It is wielding a short sword.
The kobold throws a stone.
The hobgoblin shouts!
Found a coppery potion.
You see here a coppery potion.
Casting: Beastly Appendage (safe; 11% risk of failure)
Confirm with . or Enter, or press ? or * to list all spells.
Your feet morph into talons.
The kobold hits you.
You die...

.......K..#
.##.#...#.#
.......#.#
.......>..# ###
$.#.#..##.# ..#
..#.#..##.# #.#
#.#.. #.# .# #.#
.....##.##.# #.#
...........# #@#
#K#.###K##.###K#
#.K...K..(..##g#
#g#.###.##.###.#
.#.###g##.# #g#
#........g.###K#
#.#........K...#
############.#
###


You could see 2 hobgoblins and 2 kobolds.

Vanquished Creatures
  A leopard gecko (D:1)
  A ball python (D:1)
  A goblin (D:1)
  A hobgoblin (D:1)
  5 bats (D:1)
  2 kobolds (D:1)
  A rat (D:1)
12 creatures vanquished.

Notes
Turn   | Place    | Note
-------+----------+-------------------------------------------
     0 | D:1      | Laiders72 the Draconian Transmuter began the quest for the Orb.
     0 | D:1      | Reached XP level 1. HP: 16/16 MP: 3/3
   259 | D:1      | Reached XP level 2. HP: 23/23 MP: 5/5
   304 | D:1      | Slain by a kobold

Vault maps used:
D:1:      dpeg_arrival_tiny_b, minmay_pentomino_p4

Skill      XL: |  1  2 |
---------------+-------+-----
Dodging        | 2 |  2.0
Fighting       | |  1.4
Unarmed Combat | |  3.1
Spellcasting   | |  2.1
Transmutations | |  2.2

Action                   || total
-------------------------++-------
Melee: Unarmed           ||    39
 Cast: Beastly Appendage ||     1
  Use: Potion            ||     1
Armor: Skin              ||     9
Dodge: Dodged            ||    55

Table legend:
 A = Spawn XP
 B = Non-spawn XP
 C = Spawn XP percentage of total XP
 D = Spawn monster count
 E = Non-spawn monster count
 F = Spawn count percentage of total count
 G = Total turns spent on level
                    A         B        C        D         E        F      G
               +---------+---------+-------+---------+---------+-------+---------
         Total |       0 |      18 |   0.0 |       0 |      12 |   0.0 |   304
               +---------+---------+-------+---------+---------+-------+---------
           D:1 |       0 |      18 |   0.0 |       0 |      12 |   0.0 |   304
               +---------+---------+-------+---------+---------+-------+---------
